 Dungeon Crawl Stone Soup version 0.31-a0-640-g39d97e502b (webtiles) character file.

Game seed: 1313649998211751866

241 qw the Shooter (level 6, -5/38 HPs)
             Began as a Gargoyle Hunter on Aug 27, 2023.
             Slain by Eustachio
             ... wielding a +2 heavy falchion
              (6 damage)
             ... on level 4 of the Dungeon.
             The game lasted 00:01:26 (2679 turns).

qw the Shooter (Gargoyle Hunter)                    Turns: 2679, Time: 00:01:27

Health: -5/38      AC:  9    Str: 15      XL:     6   Next: 8%
Magic:  6/6        EV: 11    Int:  9      God:
Gold:   181        SH:  0    Dex: 12 (15) Spells: 5/5 levels left

rFire   . . .        Y - +2 shortbow
rCold   . . .        (shield currently unavailable)
rNeg    + . .        c - +1 leather armour "Uvemo" {+Inv}
rPois   inf          i - +0 helmet
rElec   +            (no cloak)
rCorr   .            (no gloves)
SInv    .            (no boots)
Will    .....        (no amulet)
Stlth   +            (no ring)
HPRegen 0.26/turn    (no ring)
MPRegen 0.10/turn

%: no passive effects
@: no status effects
A: sickness immunity, AC +4, negative energy resistance 1, electricity
resistance, torment resistance 1, petrification resistance
a: Evoke Invisibility


You were on level 4 of the Dungeon.
You visited 1 branch of the dungeon, and saw 4 of its levels.

You collected 181 gold pieces.


Innate Abilities, Weirdness & Mutations

You are immune to sickness and miasma.
Your stone body is resilient. (AC +4)
You are immune to poison.
You resist negative energy. (rN+)
You are resistant to electric shocks. (rElec)
You are resistant to unholy torment.
You are immune to petrification.


   Skills:
 + Level 3.7 Fighting
 - Level 6.4 Ranged Weapons
 - Level 1.2 Armour
 - Level 1.5 Dodging
 - Level 1.1 Stealth


You had 5 spell levels left.
You didn't know any spells.
Your spell library was empty.

Inventory:

Hand Weapons
 Y - a +2 shortbow (weapon)
Armour
 c - the +1 leather armour "Uvemo" (worn) {+Inv}
   (You found it on level 4 of the Dungeon)

   +Inv:      It lets you turn invisible.
 i - a +0 helmet (worn)
Scrolls
 b - a scroll of identify
Potions
 d - a potion of curing
 e - a potion of enlightenment
 g - a potion of resistance {unknown}
 h - a potion of mutation

Dungeon Overview and Level Annotations

Branches:
Dungeon (4/15)
 Temple: D:4-7

Altars:
Gozag

Annotations:
D:4 Eustachio


Message History

You kill the quokka!
The quokka's corpse disappears in a puff of smoke!
You shoot an arrow. The arrow hits Eustachio.
Eustachio is moderately wounded.
Eustachio hits you with a +2 heavy falchion.
You shoot an arrow.
The arrow hits Eustachio but does no damage.
Eustachio is moderately wounded.
The white imp summons a swarm of flies.
Eustachio barely misses you.
You shoot an arrow. The arrow hits Eustachio!
Eustachio is heavily wounded.
You shoot an arrow.
The arrow hits Eustachio but does no damage.
Eustachio is heavily wounded.
Eustachio barely misses you.
You shoot an arrow. The arrow hits Eustachio.
Eustachio is heavily wounded.
Eustachio casts a spell.
You shoot an arrow. The arrow hits Eustachio.
Eustachio is heavily wounded.
The white imp disappears in a puff of smoke!
Eustachio hits you with a +2 heavy falchion!
The white imp gestures at you. The puff of frost hits you.
The white imp shouts, "Flee, thou peaked base-court canker-blossom!"
You shoot an arrow. The arrow hits Eustachio!
Eustachio is severely wounded.
The iron imp hits you! Eustachio barely misses you.
The white imp closely misses you.
You shoot an arrow. The arrow barely misses Eustachio.
The iron imp closely misses you.
The white imp picks up a beetle and eats it.
The white imp gestures at you. The puff of frost hits you!
You shoot an arrow. The arrow hits Eustachio.
Eustachio is almost dead.
Eustachio hits you with a +2 heavy falchion.
You die...
Eustachio says, "Such is the fate of all honourless rascals."

#......###### ###.###
##..........# ##..## #
##......%...# ###..##
#...........# ###.>###
#...........## ##...######
#............### ###...#.....#
...............####...#.......#
.............#5@##...##.......#
#............###@5..##........#
#............# ##5####........#
#............# ##)# #.......##
#...........## #.###......##
##..........# ##.##.....##
###.......## #.########
###....## ######.## ######
##...##..# #....###.##


You could see Eustachio, an iron imp (summoned) and 2 white imps.

Vanquished Creatures
  An ice beast (D:4)
  6 adders
  A worm (D:4)
  3 dart slugs
  4 orcs
  7 bats
  5 endoplasms
  A giant cockroach (D:1)
  6 goblins
  13 hobgoblins
  2 jackals (D:1)
  2 quokkas (D:2)
  11 ball pythons
  6 frilled lizards
  6 kobolds
  8 rats
82 creatures vanquished.

Notes
Turn   | Place    | Note
-------+----------+-------------------------------------------
     0 | D:1      | qw the Gargoyle Hunter began the quest for the Orb.
     0 | D:1      | Reached XP level 1. HP: 12/12 MP: 1/1
     0 | D:1      | 0 ||| qw: Version: 0.3-a-74-g0d5e918
     0 | D:1      | 0 ||| qw: Game counter: 54
     0 | D:1      | 0 ||| qw: Melee chars always use a shield: true
     0 | D:1      | 0 ||| qw: God list: Okawaru
     0 | D:1      | 0 ||| qw: Allow faded altars: false
     0 | D:1      | 0 ||| qw: Do Orc after clearing Dungeon:15 true
     0 | D:1      | 0 ||| qw: Do second Lair branch before Depths: true
     0 | D:1      | 0 ||| qw: Lair rune preference: random
     0 | D:1      | 0 ||| qw: Goals: Normal
     0 | D:1      | 0 ||| PLANNING D:1-11
    39 | D:1      | Reached XP level 2. HP: 17/17 MP: 2/2
   427 | D:1      | Reached XP level 3. HP: 21/21 MP: 3/3
   565 | D:1      | 565 ||| READING scroll labelled FEMIOP EMASUM.
   566 | D:1      | 566 ||| READING scroll labelled XIHAPOYSTRAO.
   567 | D:1      | 567 ||| DRINKING 2 metallic red potions.
   568 | D:1      | 568 ||| DRINKING 2 green potions.
   569 | D:1      | 569 ||| DROPPING scroll of butterflies.
   599 | D:2      | 599 ||| STAIRDANCE
   606 | D:1      | Reached skill level 5 in Ranged Weapons
   610 | D:2      | 610 ||| STAIRDANCE
   618 | D:2      | 618 ||| STAIRDANCE
   631 | D:2      | 631 ||| STAIRDANCE
   648 | D:2      | 648 ||| STAIRDANCE
   658 | D:2      | 658 ||| STAIRDANCE
   708 | D:2      | Found a faded altar of an unknown god.
   787 | D:2      | Reached skill level 3 in Fighting
   839 | D:2      | Reached XP level 4. HP: 28/28 MP: 4/4
  1011 | D:2      | 1011 ||| UPGRADING to +0 helmet.
  1016 | D:2      | 1016 ||| UPGRADING to +0 ring mail.
  1026 | D:2      | 1026 ||| DROPPING +0 leather armour.
  1027 | D:2      | 1027 ||| READING 2 scrolls labelled SICUIS QIUDU.
  1028 | D:2      | 1028 ||| READING scroll of enchant weapon.
  1028 | D:2      | 1028 ||| ENCHANTING +1 shortbow.
  1029 | D:2      | 1029 ||| READING 2 scrolls labelled YMUPPE UVYJ.
  1030 | D:2      | 1030 ||| READING 4 scrolls of identify.
  1030 | D:2      | 1030 ||| IDENTIFYING brown potion
  1031 | D:2      | 1031 ||| READING 3 scrolls of identify.
  1031 | D:2      | 1031 ||| IDENTIFYING bubbling red potion
  1032 | D:2      | 1032 ||| READING 2 scrolls of identify.
  1032 | D:2      | 1032 ||| IDENTIFYING metallic black potion
  1033 | D:2      | 1033 ||| DROPPING scroll of fear.
  1034 | D:2      | 1034 ||| DROPPING potion of ambrosia.
  1228 | D:3      | Reached skill level 1 in Armour
  1428 | D:3      | Identified the +1 chain mail of Dim Light {Contam Dex+6}
  1755 | D:3      | 1755 ||| READING scroll labelled BIAWAO QUFOJUE.
  1856 | D:3      | 1856 ||| READING scroll labelled TAGEJE EHOFIFO.
  1857 | D:3      | 1857 ||| READING 3 scrolls of identify.
  1857 | D:3      | 1857 ||| IDENTIFYING sedimented red potion
  1858 | D:3      | 1858 ||| DROPPING potion of brilliance.
  2075 | D:4      | Noticed an ice beast
  2088 | D:4      | Killed an ice beast
  2089 | D:4      | Reached skill level 6 in Ranged Weapons
  2089 | D:4      | Reached XP level 5. HP: 32/32 MP: 5/5
  2114 | D:4      | Identified the +1 leather armour "Uvemo" {+Inv}
  2279 | D:4      | Reached XP level 6. HP: 37/37 MP: 6/6
  2355 | D:4      | Found an opulent altar of Gozag.
  2414 | D:4      | Noticed Eustachio
  2424 | D:4      | 2424 ||| FLEEEEING.
  2425 | D:4      | 2425 ||| FLEEEEING.
  2427 | D:4      | 2427 ||| FLEEEEING.
  2430 | D:4      | 2430 ||| FLEEEEING.
  2431 | D:4      | 2431 ||| FLEEEEING.
  2432 | D:4      | 2432 ||| FLEEEEING.
  2433 | D:4      | 2433 ||| FLEEEEING.
  2434 | D:4      | 2434 ||| FLEEEEING.
  2435 | D:4      | 2435 ||| FLEEEEING.
  2436 | D:4      | 2436 ||| STAIRDANCE
  2503 | D:3      | 2503 ||| UPGRADING to +1 leather armour "Uvemo" {+Inv}.
  2513 | D:3      | 2513 ||| DROPPING +0 ring mail.
  2514 | D:3      | 2514 ||| READING scroll labelled MYRPHA GOIRHYL.
  2515 | D:3      | 2515 ||| READING 2 scrolls of identify.
  2515 | D:3      | 2515 ||| IDENTIFYING sedimented purple potion
  2516 | D:3      | 2516 ||| DROPPING potion of lignification.
  2533 | D:4      | 2533 ||| STAIRDANCE
  2627 | D:4      | 2627 ||| Stepping ~*~*~tactically~*~*~ (retreating).
  2628 | D:4      | 2628 ||| Stepping ~*~*~tactically~*~*~ (retreating).
  2630 | D:4      | 2630 ||| Stepping ~*~*~tactically~*~*~ (retreating).
  2631 | D:4      | 2631 ||| RETREATING.
  2632 | D:4      | 2632 ||| Stepping ~*~*~tactically~*~*~ (retreating).
  2633 | D:4      | 2633 ||| Stepping ~*~*~tactically~*~*~ (retreating).
  2634 | D:4      | 2634 ||| Stepping ~*~*~tactically~*~*~ (retreating).
  2640 | D:4      | 2640 ||| Stepping ~*~*~tactically~*~*~ (retreating).
  2641 | D:4      | 2641 ||| Stepping ~*~*~tactically~*~*~ (retreating).
  2642 | D:4      | 2642 ||| Stepping ~*~*~tactically~*~*~ (retreating).
  2643 | D:4      | 2643 ||| Stepping ~*~*~tactically~*~*~ (retreating).
  2647 | D:4      | 2647 ||| Stepping ~*~*~tactically~*~*~ (retreating).
  2650 | D:4      | 2650 ||| Stepping ~*~*~tactically~*~*~ (retreating).
  2651 | D:4      | 2651 ||| Stepping ~*~*~tactically~*~*~ (retreating).
  2652 | D:4      | 2652 ||| Stepping ~*~*~tactically~*~*~ (retreating).
  2653 | D:4      | 2653 ||| Stepping ~*~*~tactically~*~*~ (retreating).
  2654 | D:4      | 2654 ||| Stepping ~*~*~tactically~*~*~ (retreating).
  2655 | D:4      | 2655 ||| Stepping ~*~*~tactically~*~*~ (retreating).
  2661 | D:4      | HP: 8/38 [quasit[Eustachio] (3)]
  2662 | D:4      | 2662 ||| DRINKING potion of heal wounds.
  2678 | D:4      | HP: 1/38 [white imp/puff of frost[Eustachio] (10)]
  2679 | D:4      | Slain by Eustachio

Levels and vault maps discovered:
D:1:      roderic_octagonal_star, layout_rooms
D:2:      layout_rooms, hellmonk_ecumenical_altar_pennies_from_heaven
D:3:      minmay_inner_zag, layout_loops_ring
D:4:      layout_cave_pods, nicolae_overflow_hidden_temple, uniq_eustachio

Skill      XL: |  1  2  3  4 |
---------------+-------------+-----
Ranged Weapons | 5 6 |  6.4
Fighting       | 3 |  3.7
Armour         | 1 |  1.2
Dodging        | |  1.5
Stealth        | |  1.1

Action                     |  1- 3 |  4- 6 || total
---------------------------+-------+-------++-------
   Fire: Shortbow          |   136 |   187 ||   323
    Use: Scroll            |     2 |    11 ||    13
         Potion            |     2 |     1 ||     3
 Armour: Leather armour    |    43 |    32 ||    75
         Ring mail         |       |    19 ||    19
  Dodge: Dodged            |    57 |    64 ||   121

Table legend:
 A = Non-vault XP
 B = Vault XP
 C = Vault XP percentage of total XP
 D = Non-vault monster count
 E = Vault monster count
 F = Vault count percentage of total count
                 A         B        C        D         E       F
            +---------+---------+-------+---------+---------+-------
      Total |     336 |       9 |   2.6 |      77 |       5 |   6.1
            +---------+---------+-------+---------+---------+-------
        D:1 |      61 |       0 |   0.0 |      30 |       0 |   0.0
        D:2 |      29 |       0 |   0.0 |      17 |       0 |   0.0
        D:3 |      48 |       9 |  15.8 |      13 |       5 |  27.8
        D:4 |     198 |       0 |   0.0 |      17 |       0 |   0.0
            +---------+---------+-------+---------+---------+-------
